 Dungeon Sprint DCSS version 0.23-a0-147-g7935be9 (webtiles) character file.

19226 HallandMoats the Warrior (level 12, -6/117 HPs)
             Began as a Mummy Monk on Sept 6, 2018.
             Was the Champion of Jiyva.
             Killed from afar by a shock serpent (24 damage)
             ... with a bolt of electricity
             ... in the Dungeon (Sprint IX: "|||||||||||||||||||||||||||||").
             The game lasted 00:10:37 (4590 turns).

HallandMoats the Warrior (Mummy Monk)               Turns: 4590, Time: 00:10:38

Health: -6/117     AC: 22    Str: 27    XL:     12   Next: 34%
Magic:  12/12      EV: 20    Int:  8    God:    Jiyva [******]
Gold:   985        SH: 13    Dex: 25    Spells: 11/11 levels left

rFire    + . .     SeeInvis .   b - +5 morningstar (drain)
rCold    + . .     Gourm    .   e - +0 shield
rNeg     + + +     Faith    .   w - +1 fire dragon scales
rPois    ∞         Spirit   .   p - +2 helmet {Int+3}
rElec    .         Reflect  .   h - +0 cloak
rCorr    +         Harm     .   v - +1 pair of gloves "Qimakh" {*Corrode rC+ MR+ Dex+8}
MR       ++...     NoTele   +   i - +0 pair of boots
Stlth    +.........             (no amulet)
HPRegen  0.29/turn              k - +3 ring of strength
MPRegen  0.13/turn              l - +3 ring of strength

@: no status effects
A: no food or potions, fire vulnerability, cold resistance 1, negative energy
resistance 3, torment resistance, unbreathing
a: Request Jelly, Slimify, Cure Bad Mutation, Renounce Religion


You were in the Dungeon.
You worshipped Jiyva.
Jiyva was exalted by your worship.
You were not hungry.

You visited 1 branch You collected 1150 gold pieces.
You spent 165 gold pieces at shops.

Inventory:

Hand Weapons
 a - the +6 scythe "Eworch" {antimagic, *Noise *Slow rC+++ Str+9}
   (You found it in the Dungeon)

   It reduces the magical energy of the wielder, and disrupts the spells and
   magical abilities of those hit.
   Natural abilities and divine invocations are not affected.
   It affects your strength (+9).
   It renders you almost immune to cold.
   It may make noises in combat.
   It may slow you when you take damage.
 b - a +5 morningstar of draining (weapon)
 s - a +0 falchion
Armour
 e - a +0 shield (worn)
 h - a +0 cloak (worn)
 i - a +0 pair of boots (worn)
 p - a +2 helmet of intelligence (worn)
 v - the +1 pair of gloves "Qimakh" (worn) {*Corrode rC+ MR+ Dex+8}
   (You found it in the Dungeon)

   It affects your dexterity (+8).
   It protects you from cold.
   It affects your resistance to hostile enchantments.
   It may corrode you when you take damage.
 w - +1 fire dragon scales (worn)
Jewellery
 k - a +3 ring of strength (left hand)
 l - a +3 ring of strength (right hand)
 o - an uncursed ring of ice
 q - an uncursed ring of fire
 r - an uncursed ring of protection from cold
Wands
 f - a wand of iceblast (9)
Scrolls
 c - 6 scrolls of remove curse
 d - 2 scrolls of amnesia
 n - 4 scrolls of enchant armour
 t - 2 scrolls of identify


   Skills:
 * Level 18.3 Fighting
 - Level 10.1 Long Blades
 * Level 8.5 Maces & Flails
 + Level 11.5 Armour
 + Level 11.8 Dodging
 - Level 1.5 Stealth
 * Level 7.6 Shields


You had 11 spell levels left.
You didn't know any spells.
Your spell library was empty.

Dungeon Overview and Level Annotations

Branches:
Dungeon (1/1)

Altars:
Cheibriados
Dithmenos
Elyvilon
Fedhas
Gozag
Hepliaklqana
Kikubaaqudgha
Makhleb
Nemelex Xobeh
Okawaru
Qazlal
Ru
Sif Muna
Trog
Uskayaw
Vehumet
Wu Jian
Xom
Yredelemnul
Zin
The Shining One
Beogh
Jiyva
Lugonu

Shops:
D [:}%

Annotations:
D Erolcha, Eustachio


Innate Abilities, Weirdness & Mutations

You do not eat or drink.
Your flesh is vulnerable to fire.
You are immune to poison.
Your flesh is cold resistant. (rC+)
You are immune to negative energy. (rN+++)
You are immune to unholy pain and torment.
You can survive without breathing.


Message History

You see here a spear.
Things that are here:
a trident; a merfolk skeleton You block the shock serpent's attack.
The shock serpent shoots out a bolt of lightning at you!
The bolt of electricity hits the shock serpent.
The shock serpent completely resists.
The bolt of electricity hits you!
* * * LOW HITPOINT WARNING * * *
You see here a manticore skeleton.
The shock serpent shoots out a bolt of lightning at you!
The bolt of electricity hits you!
* * * LOW HITPOINT WARNING * * *
There is an open door to the Shoals, spattered with blood here.
Things that are here:
a rapier; a robe; a merfolk skeleton You block the shock serpent's attack.
The shock serpent misses you.
The shock serpent shoots out a bolt of lightning at you!
The bolt of electricity hits you!
You die...

....(...()()(J.........'.........
▓▓▓▓▓▓▓▓▓▓▓▓▓▓▓▓▓▓▓▓▓▓▓▓▓▓▓▓▓▓▓▓▓
.........†..†...†...............[
▓▓▓▓▓▓▓▓▓▓▓▓▓▓▓▓▓▓▓▓▓▓▓▓▓▓▓▓▓▓▓▓▓
....)'.=...........J........†....
▓▓▓▓▓▓▓▓▓▓▓▓▓▓▓▓▓▓▓▓▓▓▓▓▓▓▓▓▓▓▓▓▓
.................................
▓▓▓▓▓▓▓▓▓▓▓♣♣♣♣♣♣♣♣♣♣▓▓▓▓▓▓▓▓▓▓▓▓
...........[....@.SSSS÷.)§§§§S§§§
▓▓▓▓▓▓▓▓▓▓▓♣♣♣♣♣♣♣♣♣♣▓▓▓▓▓▓▓▓▓▓▓▓


You could see 2 shock serpents and 2 black mambas.

Vanquished Creatures
  Donald (D)
  A fire dragon (D)
  An ice dragon (D)
  A rakshasa (D)
  Harold (D)
  A merfolk avatar (D)
  A naga warrior (D)
  2 hydras (D)
  A tengu warrior (D)
  A merfolk aquamancer (D)
  A shock serpent (D)
  A deep troll (D)
  A flayed ghost (D)
  A sea snake (D)
  A harpy (D)
  A swamp dragon (D)
  2 manticores (D)
  An ugly thing (D)
  2 merfolk sirens (D)
  3 orc warriors (D)
  A merfolk (D)
  A troll (D)
  A hornet (D)
  2 tyrant leeches (D)
  A blink frog (shapeshifter) (D)
  A blink frog (D)
  Grum (D)
  A vampire mosquito (D)
  A hungry ghost (D)
  2 water moccasins (D)
  3 porcupines (D)
  A sky beast (D)
  A centaur (D)
  An ogre (D)
  2 wolves (D)
  A crocodile (D)
  2 bullfrogs (D)
  A wight (D)
  An orc priest (D)
  2 orc wizards (D)
  An adder zombie (D)
  An adder skeleton (D)
  4 worms (D)
  A dart slug (D)
  A leopard gecko (D)
  8 orcs (D)
  A frilled lizard (D)
  A kobold (D)
  2 rats (D)
72 creatures vanquished.

Vanquished Creatures (collateral kills)
  Gastronok (D)
  Josephine (D)
  A rime drake (D)
  A spiny frog (D)
  A tyrant leech (D)
  4 wraiths (D)
  A hungry ghost (D)
  2 orc warriors (D)
  An ogre (D)
  A bullfrog (D)
  A wight (D)
  A hound (D)
  A worm (D)
17 creatures vanquished.

Vanquished Creatures (others)
  2 ogre magi (D)
  3 deep trolls (D)
  A swamp dragon (D)
  A yaktaur (D)
  4 trolls (D)
  4 slime creatures (D)
  2 tyrant leeches (D)
  A porcupine (D)
  A water moccasin (D)
  A swamp drake (D)
  4 orc warriors (D)
  2 wolves (D)
  A crocodile (D)
  66 jellies (D)
  A worker ant (D)
  4 orcs (D)
  A quokka zombie (D)
99 creatures vanquished.

Grand Total: 188 creatures vanquished

Notes
Turn   | Place    | Note
-------+----------+-------------------------------------------
     0 | D        | HallandMoats the Mummy Monk began the quest for the Orb.
     0 | D        | Reached XP level 1. HP: 18/18 MP: 1/1
    14 | D        | Reached skill level 1 in Armour
    20 | D        | Noticed an ogre
    28 | D        | Found a roughly hewn altar of Beogh.
    28 | D        | Found a snail-covered altar of Cheibriados.
    28 | D        | Found a shadowy altar of Dithmenos.
    28 | D        | Found a white marble altar of Elyvilon.
    28 | D        | Found a blossoming altar of Fedhas.
    28 | D        | Found an opulent altar of Gozag.
    29 | D        | Found a hazy altar of Hepliaklqana.
    30 | D        | Found a viscous altar of Jiyva.
    31 | D        | Found an ancient bone altar of Kikubaaqudgha.
    32 | D        | Found a corrupted altar of Lugonu.
    33 | D        | Found a burning altar of Makhleb.
    34 | D        | Found a sparkling altar of Nemelex Xobeh.
    35 | D        | Found an iron altar of Okawaru.
    36 | D        | Found a stormy altar of Qazlal.
    37 | D        | Found a sacrificial altar of Ru.
    38 | D        | Became a worshipper of Jiyva Jeahem the Shapeless
    38 | D        | Reached * piety under Jiyva
    38 | D        | Reached ** piety under Jiyva
    39 | D        | Found a deep blue altar of Sif Muna.
    40 | D        | Found a bloodstained altar of Trog.
    41 | D        | Found a hide-covered altar of Uskayaw.
    42 | D        | Found a radiant altar of Vehumet.
    43 | D        | Found an ornate altar of the Wu Jian Council.
    44 | D        | Reached skill level 4 in Fighting
    44 | D        | Reached XP level 2. HP: 3/25 MP: 2/2
    45 | D        | Found a shimmering altar of Xom.
    46 | D        | Found a basalt altar of Yredelemnul.
    47 | D        | Found a glowing silver altar of Zin.
    48 | D        | Found a glowing golden altar of the Shining One.
    77 | D        | Killed an ogre
    85 | D        | HP: 1/26 [adder zombie (3)]
    86 | D        | Reached XP level 3. HP: 1/32 MP: 3/3
   418 | D        | Noticed a sky beast
   418 | D        | Noticed a centaur
   418 | D        | Noticed a hungry ghost
   419 | D        | Reached skill level 5 in Fighting
   426 | D        | Killed a sky beast
   426 | D        | Reached skill level 6 in Fighting
   426 | D        | Reached XP level 4. HP: 40/40 MP: 4/4
   446 | D        | Killed a centaur
   446 | D        | Reached skill level 7 in Fighting
   446 | D        | Reached XP level 5. HP: 39/48 MP: 5/5
   446 | D        | Reached *** piety under Jiyva
   447 | D        | Reached **** piety under Jiyva
   448 | D        | Reached ***** piety under Jiyva
   453 | D        | Killed a hungry ghost
   453 | D        | Reached skill level 8 in Fighting
   453 | D        | Reached skill level 5 in Long Blades
   453 | D        | Reached skill level 5 in Dodging
   453 | D        | Reached XP level 6. HP: 47/57 MP: 6/6
   453 | D        | Reached ****** piety under Jiyva
   461 | D        | Noticed a manticore
   461 | D        | Noticed a hungry ghost
   466 | D        | Killed a manticore
   466 | D        | Reached skill level 10 in Fighting
   466 | D        | Reached skill level 5 in Armour
   466 | D        | Reached XP level 7. HP: 33/67 MP: 7/7
   470 | D        | Killed a hungry ghost
   470 | D        | Reached skill level 11 in Fighting
   589 | D        | Noticed a spiny frog
   589 | D        | Noticed a yak
   591 | D        | Noticed a blink frog
   599 | D        | Reached XP level 8. HP: 67/75 MP: 8/8
   635 | D        | Killed a blink frog
   635 | D        | Reached skill level 12 in Fighting
   873 | D        | Noticed a hippogriff
   873 | D        | Noticed a spiny frog
   877 | D        | Noticed a rime drake
   903 | D        | Killed a spiny frog
   905 | D        | Killed a rime drake
   905 | D        | Reached skill level 13 in Fighting
   905 | D        | Reached XP level 9. HP: 33/85 MP: 9/9
  1039 | D        | Noticed a tyrant leech
  1046 | D        | Noticed a tyrant leech
  1050 | D        | Killed a tyrant leech
  1052 | D        | Noticed a tyrant leech
  1056 | D        | Banished a tyrant leech
  1066 | D        | Killed a tyrant leech
  1449 | D        | Noticed Grum
  1474 | D        | Killed Grum
  1640 | D        | Noticed Eustachio
  1731 | D        | Reached skill level 14 in Fighting
  2002 | D        | Noticed an orc knight
  2007 | D        | Slimified an orc knight
  2007 | D        | an orc knight changed into a slime creature
  2032 | D        | Noticed an orc knight
  2341 | D        | Found Ras Dacu's Antique Armour Emporium.
  2341 | D        | Noticed a stone giant
  2341 | D        | Noticed a troll
  2341 | D        | Noticed a deep troll
  2341 | D        | Noticed an ogre mage
  2341 | D        | Noticed a troll
  2343 | D        | Slimified a stone giant
  2343 | D        | Noticed an azure jelly
  2343 | D        | a stone giant changed into an azure jelly
  2344 | D        | Killed a deep troll
  2345 | D        | Killed a troll
  2346 | D        | Noticed a troll
  2347 | D        | Killed an ogre mage
  2348 | D        | Killed a troll
  2349 | D        | Noticed a deep troll
  2351 | D        | Killed a troll
  2353 | D        | Killed a deep troll
  2358 | D        | Found Zabbuaq's Book Shoppe.
  2360 | D        | Found Cerisut's Gadget Emporium.
  2361 | D        | Noticed an ogre mage
  2362 | D        | Found Tehukoups's Food Shoppe.
  2362 | D        | Noticed a deep troll
  2362 | D        | Killed an ogre mage
  2363 | D        | Noticed a troll
  2364 | D        | Noticed a troll
  2364 | D        | Killed a deep troll
  2365 | D        | Killed a troll
  2365 | D        | Noticed a deep troll
  2366 | D        | Noticed a troll
  2561 | D        | Bought a glowing helmet for 165 gold pieces
  2583 | D        | Noticed Erolcha
  2633 | D        | Noticed Gastronok
  2638 | D        | Noticed Josephine
  2643 | D        | Killed Gastronok
  2643 | D        | Reached XP level 10. HP: 35/95 MP: 10/10
  2649 | D        | Reached skill level 15 in Fighting
  2656 | D        | Killed Josephine
  2826 | D        | Noticed Harold
  2843 | D        | Killed Harold
  2843 | D        | Reached skill level 10 in Long Blades
  2843 | D        | Reached skill level 10 in Dodging
  2916 | D        | Got the +6 scythe "Eworch" {antimagic, *Noise *Slow rC+++
                  | Str+9}
  2937 | D        | Got the +1 pair of gloves "Qimakh" {*Corrode rC+ MR+ Dex+8}
  3006 | D        | Noticed a fire dragon
  3006 | D        | Noticed a green ugly thing
  3006 | D        | Noticed a six-headed hydra
  3006 | D        | Noticed a six-headed hydra
  3066 | D        | Noticed a tengu warrior
  3126 | D        | Killed a fire dragon
  3126 | D        | Reached skill level 16 in Fighting
  3126 | D        | Reached skill level 10 in Armour
  3134 | D        | Slimified a green ugly thing
  3134 | D        | a green ugly thing changed into a slime creature
  3137 | D        | Slimified a six-headed hydra
  3137 | D        | a six-headed hydra changed into a slime creature
  3290 | D        | Killed a six-headed hydra
  3430 | D        | Noticed a purple ugly thing
  3441 | D        | Killed a purple ugly thing
  3441 | D        | Reached XP level 11. HP: 72/105 MP: 11/11
  3472 | D        | Killed a tengu warrior
  3648 | D        | Noticed a flayed ghost
  3656 | D        | Killed a flayed ghost
  3656 | D        | Reached skill level 1 in Shields
  3662 | D        | Noticed an ice dragon
  3669 | D        | Killed an ice dragon
  3679 | D        | Noticed a rakshasa
  3681 | D        | Noticed a great orb of eyes
  3697 | D        | Killed a rakshasa
  3697 | D        | Reached skill level 17 in Fighting
  3697 | D        | Reached skill level 5 in Maces & Flails
  3818 | D        | Killed a deep troll
  3881 | D        | Noticed Donald
  3894 | D        | Killed Donald
  3909 | D        | Noticed a swamp dragon
  3909 | D        | Noticed a six-headed hydra
  3909 | D        | Noticed a swamp dragon
  3914 | D        | Killed a swamp dragon
  3914 | D        | Reached skill level 5 in Shields
  3919 | D        | Noticed a seven-headed hydra
  3921 | D        | Killed a six-headed hydra
  3927 | D        | Killed a swamp dragon
  3953 | D        | Slimified a seven-headed hydra
  3953 | D        | a seven-headed hydra changed into a slime creature
  4297 | D        | Noticed a merfolk avatar
  4297 | D        | Noticed a sea snake
  4297 | D        | Noticed a merfolk aquamancer
  4303 | D        | Noticed a harpy
  4311 | D        | Killed a merfolk avatar
  4311 | D        | Reached XP level 12. HP: 97/116 MP: 12/12
  4314 | D        | Killed a merfolk aquamancer
  4318 | D        | Reached skill level 18 in Fighting
  4559 | D        | Noticed a naga warrior
  4562 | D        | Noticed a naga warrior
  4575 | D        | Killed a naga warrior
  4590 | D        | Killed from afar by a shock serpent

Vault maps used:
D:        linesprint

Skill      XL: |  1  2  3  4  5  6  7  8  9 10 11 12 |
---------------+-------------------------------------+-----
Armour         | 1 2 3 4 5 6 7 9 10 11 | 11.5
Fighting       | 4 6 7 8 10 11 13 14 16 17 18 | 18.3
Long Blades    | 3 4 5 6 7 8 9 10 | 10.1
Dodging        | 3 4 5 6 7 8 9 10 11 | 11.8
Maces & Flails | 2 7 8 |  8.5
Shields        | 6 7 |  7.6
Stealth        | |  1.5

Action                   |  1- 3 |  4- 6 |  7- 9 | 10-12 || total
-------------------------+-------+-------+-------+-------++-------
Melee: Falchion          |    17 |       |       |       ||    17
       Rapier            |     9 |    29 |   222 |    21 ||   281
       Morningstar       |       |       |       |   172 ||   172
       Scythe            |       |       |       |     4 ||     4
Invok: Request Jelly     |       |     1 |     3 |     6 ||    10
       Slimify           |       |       |     2 |     3 ||     5
Evoke: Wand              |       |       |       |     1 ||     1
  Use: Scroll            |     1 |       |       |     4 ||     5
 Stab: Confused          |       |       |       |     2 ||     2
Armor: Robe              |     3 |       |       |       ||     3
       Plate armour      |     3 |    24 |    92 |    10 ||   129
       Fire dragon scale |       |       |       |   106 ||   106
Dodge: Dodged            |    12 |    12 |   113 |   164 ||   301
Block: Shield            |       |       |       |   102 ||   102
       Rpst.: Falchion   |     3 |       |       |       ||     3

Table legend:
 A = Non-vault XP
 B = Vault XP
 C = Vault XP percentage of total XP
 D = Non-vault monster count
 E = Vault monster count
 F = Vault count percentage of total count
                 A         B        C        D         E       F
            +---------+---------+-------+---------+---------+-------
      Total |       0 |   27467 | 100.0 |       0 |     103 | 100.0
            +---------+---------+-------+---------+---------+-------
          D |       0 |   27467 | 100.0 |       0 |     103 | 100.0
            +---------+---------+-------+---------+---------+-------
